Map: Kairos Junction LE

Players

Neeblet (Neeb)

  • Race: Protoss Protoss
  • League: Grandmaster
  • Spawn Location: 5:00

HeroMarine - Winner!

  • Race: Terran Terran
  • League: Master
  • Spawn Location: 11:00

Event: IEM Season 13 - Katowice Server Qualifiers Europe

VOD

Have the link to the VOD?

Description

Time

  • Played on: Jan. 8, 2019, 10:21 a.m.
  • Length: 9:11

All games in this series

Show
View Real Time Build Order
Export as new Build Order

Neeblet Protoss 

Build Orders: 1 Gate Expand, Oracle Opening 

Get SALT Encoding   

  12  0:00  Probe  
  13  0:12  Probe  
  14  0:17  Pylon  
  14  0:24  Probe  
  15  0:32  Probe  
  15  0:37  Gateway  
  15  0:40  Probe  
  16  0:46  Assimilator  
  17  0:51  Probe  
  18  1:03  Probe  
  19  1:15  Probe  
  20  1:25  Cybernetics Core  
  20  1:33  Nexus  
  20  1:37  Probe  
  21  1:44  Pylon  
  21  1:50  Probe  
  21  1:53  Adept  
  22  1:54  Assimilator  
  22  2:02  Probe  
  25  2:11  Adept  
  25  2:14  Probe  
  27  2:27  Probe  
  28  2:30  Stargate  
  28  2:36  Adept  
  28  2:39  Probe  
  28  2:43  Warp Gate  
  31  2:46  Probe  
  31  2:51  Probe  
  33  2:54  Probe  
  34  3:02  Probe  
  34  3:03  Probe  
  35  3:06  Oracle  
  35  3:11  Adept  
  38  3:15  Probe  
  38  3:16  Probe  
  39  3:27  Probe  
  39  3:28  Probe  
  41  3:34  Oracle  
  41  3:37  Gateway  
  41  3:38  Gateway  
  41  3:39  Probe  
  42  3:42  Pylon  
  42  3:45  Probe  
  46  3:48  Pylon  
  46  3:59  Pylon  
  46  4:00  Probe  
  46  4:01  Probe  
  48  4:08  Oracle  
  48  4:13  Probe x2  
  52  4:25  Probe x2  
  54  4:37  Probe  
  55  4:38  Nexus  
  55  4:40  Probe  
  55  4:41  Oracle  
  55  4:44  Assimilator  
  58  4:46  Assimilator  
  58  4:51  Nexus, Probe  
  58  4:52  Pylon  
  59  5:00  Shield Battery  
  59  5:02  Pylon  
  59  5:03  Stalker  
  59  5:04  Stalker  
  59  5:06  Probe  
  64  5:07  Probe  
  64  5:10  Stalker  
  67  5:19  Forge  
  68  5:21  Twilight Council  
  68  5:27  Stalker  
  69  5:31  Stalker  
  69  5:32  Probe x2  
  73  5:43  Stalker  
  73  5:44  Probe x2, Pylon  
  77  5:56  Probe x2  
  79  6:03  Probe  
  78  6:08  Probe  
  78  6:09  Probe  
  78  6:10  Protoss Ground Weapons Level 1  
  80  6:17  Probe  
  78  6:21  Probe  
  78  6:25  Probe  
  80  6:27  Blink  
  80  6:29  Probe  
  80  6:32  Stalker x3  
  81  6:36  Gateway  
  81  6:39  Gateway x2  
  79  6:40  Probe  
  79  6:41  Gateway  
  79  6:42  Probe x2  
  79  6:46  Robotics Facility  
  82  6:49  Gateway  
  82  6:52  Probe  
  82  6:53  Pylon  
  81  6:54  Pylon  
  81  6:56  Probe  
  81  6:57  Probe  
  81  6:59  Sentry x3  
  89  7:15  Nexus  
  89  7:17  Pylon  
  89  7:19  Assimilator  
  89  7:21  Assimilator  
  89  7:29  Stalker x2  
  93  7:30  Stalker  
  93  7:34  Stalker x3  
  93  7:36  Probe x2, Pylon  
  103  7:39  Observer  
  103  7:41  Probe  
  105  7:48  Robotics Bay  
  105  7:51  Robotics Facility  
  105  7:53  Probe, Pylon  
  105  7:54  Probe  
  107  8:00  Probe  
  107  8:03  Immortal  
  112  8:07  Stalker x4  
  112  8:10  Pylon  
  120  8:16  Stalker x2  
  122  8:29  Sentry, Stalker  
  122  8:32  Stalker  
  122  8:33  Zealot x3  
  133  8:36  Shield Battery  
  131  8:48  Zealot x2  
  118  8:54  Zealot x5  
  112  8:59  Zealot  
Show
View Real Time Build Order
Export as new Build Order

HeroMarine Terran - Winner!

Build Orders: Gas First Reaper Expand 

Get SALT Encoding   

  12  0:00  SCV  
  13  0:13  SCV  
  14  0:16  Supply Depot  
  14  0:25  SCV  
  14  0:28  Refinery  
  15  0:38  SCV  
  16  0:44  Barracks  
  16  0:50  SCV  
  17  1:02  SCV  
  18  1:14  SCV  
  19  1:32  Reaper, Orbital Command  
  20  1:49  Command Center  
  20  1:55  Factory  
  20  1:58  SCV  
  21  2:05  Barracks Reactor  
  21  2:10  SCV  
  21  2:14  Supply Depot  
  22  2:16  Refinery  
  22  2:22  SCV  
  23  2:36  SCV  
  24  2:39  Hellion  
  24  2:42  Marine  
  24  2:43  Marine  
  28  2:44  Starport  
  28  2:48  SCV  
  29  2:53  Supply Depot  
  29  3:00  SCV  
  29  3:02  Marine  
  31  3:14  Marine, SCV  
  31  3:15  Widow Mine  
  35  3:26  SCV  
  35  3:29  Marine  
  35  3:30  Starport Tech Lab  
  35  3:32  Marine  
  37  3:35  Orbital Command  
  37  3:38  SCV  
  38  3:43  Factory Tech Lab  
  38  3:50  Raven  
  38  3:51  SCV  
  38  3:52  Marine x2  
  43  4:02  SCV  
  44  4:03  SCV  
  44  4:09  Supply Depot  
  46  4:10  Hellion  
  46  4:14  SCV  
  46  4:15  SCV  
  46  4:16  Marine x2  
  49  4:26  SCV  
  49  4:27  SCV  
  50  4:34  Marine x2  
  50  4:38  SCV  
  53  4:39  SCV  
  53  4:43  Cyclone  
  57  4:50  Starport Reactor, Command Center, SCV  
  57  4:51  SCV  
  59  5:00  Starport Tech Lab  
  59  5:01  Barracks  
  59  5:02  SCV  
  59  5:03  Barracks, SCV  
  61  5:08  Engineering Bay x2  
  61  5:10  Refinery  
  61  5:11  Refinery  
  62  5:16  SCV  
  62  5:25  SCV  
  67  5:29  Starport Reactor  
  67  5:34  Terran Infantry Armor Level 1, Terran Infantry Weapons Level 1  
  67  5:35  Marine  
  67  5:37  SCV  
  67  5:40  Bunker  
  68  5:45  Cyclone  
  68  5:46  SCV  
  68  5:49  SCV  
  70  5:53  Missile Turret  
  70  5:54  Marine  
  70  5:56  Marine x2  
  69  5:58  SCV  
  69  6:01  SCV  
  70  6:05  Marine  
  70  6:09  Stimpack  
  70  6:10  SCV  
  71  6:11  Marine  
  71  6:13  Marine  
  71  6:14  Marine, SCV  
  71  6:15  Starport Reactor  
  74  6:22  SCV x2  
  71  6:26  Marine, Factory Reactor, SCV  
  71  6:31  Marine  
  71  6:32  Marine  
  72  6:34  SCV  
  72  6:38  SCV, Orbital Command  
  73  6:42  Marine  
  73  6:43  Marine, Combat Shield  
  76  6:51  Barracks  
  76  6:53  Barracks  
  75  6:58  Medivac x2  
  81  7:01  Marauder  
  81  7:05  Marauder  
  85  7:10  Marine, Orbital Command  
  85  7:12  Supply Depot  
  85  7:14  Supply Depot  
  84  7:16  Widow Mine  
  84  7:17  Widow Mine  
  84  7:19  Supply Depot  
  84  7:21  Missile Turret  
  88  7:24  Marauder  
  88  7:26  Marauder  
  92  7:35  Medivac  
  92  7:36  Marine, Medivac  
  92  7:37  Marine  
  97  7:39  Widow Mine x2  
  97  7:40  Barracks Tech Lab  
  97  7:44  Barracks Reactor, Supply Depot  
  102  7:46  Marauder  
  102  7:48  Marauder  
  106  7:55  Supply Depot  
  106  7:56  Supply Depot  
  108  7:58  Marauder, Liberator x2  
  108  7:59  Marine x2  
  108  8:02  Concussive Shells  
  110  8:08  Marauder  
  110  8:09  Marauder  
  114  8:16  Widow Mine  
  114  8:17  Marine x2  
  114  8:18  Widow Mine  
  128  8:20  Marauder  
  117  8:27  Marine  
  117  8:29  Marine, Marauder  
  117  8:30  Marauder  
  123  8:35  Marine  
  123  8:36  Marine  
  126  8:41  Marauder  
  126  8:47  Widow Mine x2  

Tags
 
Add a new tag
Caveats
  • Supply blocks, unpowered buildings, or Contaminate may cause inaccurate times.
  • Supply counts are checked every 10 seconds.